 Dungeon Crawl Stone Soup version 0.27.1-34-g3ba077fa99 (webtiles) character file.

Game seed: 6867791465362796069

1054 pkoi the Gusty (level 8, -5/85 HPs)
             Began as a Grey Draconian Air Elementalist on Jan 26, 2022.
             Slain by a hornet (9 damage)
             ... on level 5 of the Dungeon.
             The game lasted 00:07:24 (7498 turns).

pkoi the Gusty (Grey Draconian Air Elementalist)    Turns: 7498, Time: 00:07:25

Health: -5/85      AC: 24    Str: 10    XL:     8   Next: 5%
Magic:  6/13       EV:  2    Int: 17    God:
Gold:   245        SH:  0    Dex: 13    Spells: 9/14 levels left

rFire    . . .     SeeInvis .   h - +2 dagger (venom)
rCold    . . .     Faith    .   (no shield)
rNeg     + + +     Spirit   .   (armour unavailable)
rPois    +         Reflect  .   (helmet currently unavailable)
rElec    .         Harm     .   (cloak currently unavailable)
rCorr    .         Rampage  .   (gloves currently unavailable)
Will     .....     NoTele   +   (boots currently unavailable)
Stlth    ++........             q - amulet of regeneration
HPRegen  1.24/turn              k - ring of positive energy
MPRegen  0.13/turn              l - +4 ring of evasion

@: lethally poisoned (-5 -> -5), tree-form, slowed, very slow
A: stationary, stasis, torment immunity, boosted hp, AC +11, (amphibious),
unfitting armour, (cold-blooded)
a: no special abilities


You were on level 5 of the Dungeon.
You were a tree.
You visited 1 branch of the dungeon, and saw 5 of its levels.

You collected 245 gold pieces.

Inventory:

Hand Weapons
 a - a +0 short sword
 h - a +2 dagger of venom (weapon)
Missiles
 i - 19 poisoned darts
 y - 8 curare-tipped darts
Armour
 m - a +0 pair of gloves (melded)
Magical Staves
 n - a staff of air
Jewellery
 k - a ring of positive energy (left branch)
 l - a +4 ring of evasion (right branch)
 q - an amulet of regeneration (around neck)
Wands
 v - a wand of polymorph (3)
 w - a wand of iceblast (8)
Scrolls
 b - a scroll of vulnerability {unknown}
 c - a scroll of blinking {unknown}
 d - 2 scrolls of magic mapping {unknown}
 e - 6 scrolls of identify {unknown}
 f - a scroll of noise {unknown}
 g - a scroll of amnesia {unknown}
 j - a scroll of teleportation {unknown}
 o - a scroll of enchant armour {unknown}
 t - a scroll of silence {unknown}
 x - a scroll of torment {unknown}
Potions
 r - a potion of flight
 s - a potion of haste {unknown}
 u - a potion of cancellation {unknown}
 z - a potion of might {unknown}


   Skills:
 - Level 1.7 Dodging
 - Level 1.7 Stealth
 + Level 3.7 Spellcasting
 - Level 2.1 Conjurations
 * Level 7.5 Air Magic


You had 9 spell levels left.
You knew the following spells:

 Your Spells              Type           Power      Damage    Failure   Level
a - Shock                 Conj/Air       76%        1d7       2%          1
b - Airstrike             Air            14%        N/A       8%          4

Your spell library contained the following spells:

 Spells                   Type           Power      Damage    Failure   Level
 Swiftness                Air            28%        N/A       2%          3
 Static Discharge         Conj/Air       19%        N/A       3%          2
 Sticky Flame             Conj/Fire      6%         2d3       71%         4
 Dispel Undead            Necr           3%         3d7       85%         4


Dungeon Overview and Level Annotations

Branches:
Dungeon (5/15)
 Temple: D:4-7

Altars:
Cheibriados
Dithmenos
Elyvilon
Sif Muna
Wu Jian
Yredelemnul
Zin

Annotations:
D:3 3 runed translucent doors, Romesagentofchaos's ghost, amateur OpBr


Innate Abilities, Weirdness & Mutations

You are a tree.
Your roots penetrate the ground, keeping you stationary.
You cannot be teleported.
You are immune to unholy pain and torment.
Your maximum health is greatly increased.
Your equipment is partially melded.
((Your dull iron-grey scales are very hard. (AC +11)))
((You are amphibious.))
You cannot fit into any form of body armour.
((You are cold-blooded and may be slowed by cold attacks.))


Message History

You feel as though you will be slow longer.
Aiming: Shock (safe; 2% risk of failure)
Press: ? - help, Q - select action, (/) - cycle Shift-Dir - straight line You feel a surge of power!
The zap misses the hornet.
You feel very sick. The hornet barely misses you.
The hornet closely misses you. The hornet stings you.
* * * LOW HITPOINT WARNING * * *
You feel as though you will be slow longer.
Aiming: Shock (safe; 2% risk of failure)
Press: ? - help, Q - select action, (/) - cycle Shift-Dir - straight line You feel a surge of power!
The zap misses the hornet.
You feel very sick. The hornet misses you. x2
Unknown command.
Your +2 dagger of venom begins to drip with poison!
h - a +2 dagger of venom (weapon)
You feel sick. The hornet misses you.
You closely miss the hornet.
The hornet is severely wounded.
You feel sick. The hornet stings you.
* * * LOW HITPOINT WARNING * * *
You feel as though you will be slow longer.
The hornet stings you!
* * * LOW HITPOINT WARNING * * *
You are more poisoned.
You feel as though you will be slow longer.
It was a potion of lignification.
You turn into a tree.
Your +0 pair of gloves melds into your body.
Your roots penetrate the ground.
You feel very sick. The hornet stings you.
* * * LOW HITPOINT WARNING * * *
You feel as though you will be slow longer.
The hornet stings you but does no damage.
It was a potion of flight.
Your roots keep you in place.
You feel very sick.
The hornet stings you but does no damage. x2
The hornet stings you!
You die...

## #.## # .#
#.# .## .>#
#.## ...#
..## #..#
#...#####...#
#..##
#....)....
##..# ###
#.......#
##.#
#.########
#y.#####..
#.#
##.##....#
##♣.......
#.# ##......#
#.......# #.#
#####..#
#.####### #)#
#..# #.# #.##
#..# ##.#
#..### #..#
#.## #.....
#..#####.#
#.....
###..##..##
##.....
###.....##
##..##..


You could see a hornet.

Vanquished Creatures
  A black bear (D:4)
  2 ice beasts
  2 necrophages
  2 phantoms (D:5)
  A wyvern zombie (D:5)
  2 howler monkeys
  A bullfrog zombie (D:5)
  A centaur zombie (D:5)
  2 hounds (D:5)
  A bullfrog skeleton (D:5)
  A centaur skeleton (D:5)
  Ijyb (D:5)
  4 adders
  An adder skeleton (D:5)
  An adder zombie (D:3)
  2 worms
  2 dart slugs
  5 endoplasms
  2 giant cockroaches
  9 goblins
  11 hobgoblins
  6 kobolds
  6 quokkas
  11 ball pythons
  3 bats
  4 frilled lizards
  A quokka zombie (D:3)
  A rat (D:3)
86 creatures vanquished.

Notes
Turn   | Place    | Note
-------+----------+-------------------------------------------
     0 | D:1      | pkoi the Draconian Air Elementalist began the quest for the
                  | Orb.
     0 | D:1      | Reached XP level 1. HP: 14/14 MP: 3/3
   538 | D:1      | Reached XP level 2. HP: 20/20 MP: 3/5
  1980 | D:2      | Noticed a necrophage
  2015 | D:2      | Killed a necrophage
  2016 | D:2      | Reached skill level 5 in Air Magic
  2016 | D:2      | Reached XP level 3. HP: 22/26 MP: 1/6
  2016 | D:2      | Reached XP level 4. HP: 29/33 MP: 1/7
  2531 | D:2      | Found a faded altar of an unknown god.
  2794 | D:2      | Reached XP level 5. HP: 36/38 MP: 5/8
  3150 | D:3      | Noticed an ice beast
  3158 | D:3      | Killed an ice beast
  3159 | D:3      | Reached skill level 6 in Air Magic
  3538 | D:3      | Found a shadowy altar of Dithmenos.
  3587 | D:3      | Found a runed translucent gate.
  3587 | D:3      | Found a runed translucent gate.
  3587 | D:3      | Found a runed translucent gate.
  3587 | D:3      | Noticed Romesagentofchaos's ghost (amateur OpBr)
  3589 | D:3      | Found a basalt altar of Yredelemnul.
  4480 | D:4      | Learned a level 4 spell: Airstrike
  4611 | D:4      | Found an ornate altar of the Wu Jian Council.
  4669 | D:4      | Noticed a black bear
  4692 | D:4      | Killed a black bear
  4693 | D:4      | Reached XP level 6. HP: 22/45 MP: 1/9
  5053 | D:4      | Reached skill level 7 in Air Magic
  5348 | D:4      | Found a glowing silver altar of Zin.
  5348 | D:4      | Noticed an angel
  5632 | D:4      | Found a snail-covered altar of Cheibriados.
  5714 | D:5      | Entered Level 5 of the Dungeon
  5811 | D:5      | Your scales start taking on a dull iron-grey colour.
  5811 | D:5      | Reduced skill Air Magic to level 6
  5811 | D:5      | Reached XP level 7. HP: 50/50 MP: 4/10
  5965 | D:5      | Found a white marble altar of Elyvilon.
  6004 | D:5      | Found a shimmering blue altar of Sif Muna.
  6009 | D:5      | Noticed Ijyb
  6114 | D:5      | Killed Ijyb
  6484 | D:5      | Reached skill level 7 in Air Magic
  6992 | D:5      | Reached XP level 8. HP: 57/57 MP: 8/13
  7483 | D:5      | Noticed a hornet
  7490 | D:5      | Paralysed by a hornet for 2 turns
  7498 | D:5      | HP: 4/85 [poisoned by a hornet]
  7498 | D:5      | Slain by a hornet

Illustrated notes

Levels and vault maps discovered:
D:1:      wander_arrival_lonely_grave, layout_basic, serial_co_window_serial,
          co_window_paths_b, co_window_of_opportunity_a, co_window_paths_a,
          co_window_corner_a, co_window_paths_b, co_window_broadway_c,
          co_window_broadway_a, co_window_broadway_b, co_window_2corner,
          co_window_of_opportunity_c, co_window_paths_c
D:2:      layout_basic, basic_ecumenical_altar, minmay_box_of_dots
D:3:      minmay_spotlight, layout_loops_ring, nicolae_yredelemnul_ghost_church,
          mainiacjoe_overflow_brackets, minmay_misc_feat_chi
D:4:      layout_loops_ring, zin_angel, mainiacjoe_overflow_paths,
          mainiacjoe_overflow_chevrons
D:5:      minmay_chambers_of_fours, layout_layer_cave, elyvilon_altar_5,
          grunt_ashenzari_visionary [grunt_ashenzari_visionary_shoals,
          grunt_ashenzari_visionary_spider],
          mainiacjoe_overflow_concentric_impassable, moated_statue, uniq_ijyb

Skill      XL: |  1  2  3  4  5  6  7 |
---------------+----------------------+-----
Conjurations   | 2 |  2.1
Air Magic      | 5 6 6 7 |  7.5
Spellcasting   | 3 |  3.7
Dodging        | |  1.7
Stealth        | |  1.7

Action                   |  1- 3 |  4- 6 |  7- 9 || total
-------------------------+-------+-------+-------++-------
Melee: Unarmed           |     5 |       |       ||     5
       Short sword       |     5 |       |       ||     5
       Tailslap          |     1 |     5 |       ||     6
       Dagger            |       |    27 |     1 ||    28
 Cast: Shock             |    48 |    89 |    75 ||   212
  Use: Potion            |       |       |     2 ||     2
 Stab: Sleeping          |       |     1 |       ||     1
Armor: Skin              |     2 |    12 |    20 ||    34
Dodge: Dodged            |     4 |    59 |    30 ||    93
